cohdb
Replays
Latest Replays
All Replays
Popular Replays
Top Player Replays
Match Explorer
How It Works
Community
CoH3 Stats
Reddit
Sign in to upload your games and track your stats! →
Sign in with Steam
Match 41169124
Unlisted
Match 41169124
Overview
Messages
Build Orders
End
Construct Section Command Post
Selects Canadian Shock Battlegroup
Dingo Light Scout Car
Infantry Section
Infantry Section
Infantry Section
Selects Attacking Spirit
Selects Canadian Shock Section
Canadian Shock Section
Construct Platoon Command Post
Humber Armored Car
CMP 15cwt Truck
Selects Incendiary Munitions
Infantry Training
Selects Pyrotechnics
6-pounder Anti-tank Gun Team
Construct Company Command Post
Foot Guards Section
Selects Churchill Crocodile Heavy Tank
Matilda II Heavy Tank
Grenade Package
TidaL
elevate
shootinputin
MrFrezze
Kozłowski
Swordfingerdarkblue
0
0
Comments
sign in to comment!
No comments posted yet!